 Dungeon Crawl Stone Soup version 0.21.0-25-ge575cb9 (webtiles) character file.

327 troglodite the Skirmisher (level 6, -8/72 HPs)
             Began as a Demonspawn Berserker on Jan 25, 2018.
             Was a Priest of Trog.
             Mangled by an ice beast (14 damage)
             ... on level 6 of the Dungeon.
             The game lasted 00:08:43 (3179 turns).

troglodite the Skirmisher (Demonspawn Berserker)    Turns: 3179, Time: 00:08:44

Health: -8/72      AC:  9    Str: 22    XL:     6   Next: 24%
Magic:  6/6        EV:  9    Int:  8    God:    Trog [***...]
Gold:   189        SH:  0    Dex: 15    Spells: 5/5 levels left

rFire    . . .     SeeInvis .   a - +0 falchion
rCold    . . .     Gourm    .   (no shield)
rNeg     . . .     Faith    .   i - +0 chain mail
rPois    .         Spirit   .   (helmet restricted)
rElec    .         Reflect  .   (no cloak)
rCorr    .         Harm     .   (no gloves)
MR       .....                  (no boots)
Stlth    ..........             (no amulet)
HPRegen  0.22/turn              n - +2 ring of slaying
MPRegen  0.10/turn              (no ring)

@: berserking (expiring), starving, very quick
A: antennae 1, claws 1, hooves 1
a: Berserk, Trog's Hand, Burn Spellbooks, Renounce Religion


You were on level 6 of the Dungeon.
You worshipped Trog.
Trog was most pleased with you.
You were starving.

You visited 1 branch of the dungeon, and saw 6 of its levels.

You collected 189 gold pieces.

Inventory:

Hand Weapons
 a - a +0 falchion (weapon)
Armour
 g - a +0 helmet
 i - a +0 chain mail (worn)
Jewellery
 n - a +2 ring of slaying (left claw)
Scrolls
 d - 8 scrolls of identify {unknown}
 e - a scroll of random uselessness {unknown}
 f - 2 scrolls of teleportation {unknown}
 h - 2 scrolls of fog {unknown}
 k - a scroll of blinking {unknown}
 l - 3 scrolls of immolation {unknown}
 m - a scroll of enchant weapon {unknown}
Potions
 b - a potion of heal wounds {unknown}
 j - a potion of haste {unknown}
Comestibles
 c - 8 rations


   Skills:
 * Level 4.2 Fighting
 + Level 4.1 Long Blades
 * Level 3.9 Armour
 * Level 2.4 Dodging
 + Level 0.2 Stealth


You had 5 spell levels left.
You didn't know any spells.

Dungeon Overview and Level Annotations

Branches:
Dungeon (7/15)             Temple (0/1) D:7

Altars:
Fedhas


Innate Abilities, Weirdness & Mutations

You have a pair of small antennae on your head.
You have sharp fingernails.
You have large cloven feet.


Message History

You have reached level 6!
Your experience leads to an increase in your attributes!
Your base attributes are Str 17, Int 8, Dex 14.
Increase (S)trength, (I)ntelligence, or (D)exterity?
You feel agile.
Your demonic ancestry asserts itself...
A pair of antennae grows on your head!
Your +0 helmet falls away!
The ice beast hits you but does no damage.
You barely miss the ice beast. Your kick misses the ice beast.
The ice beast is lightly wounded.
You hit the ice beast.
The ice beast is moderately wounded.
The ice beast hits you. The ice beast freezes you!
* * * LOW HITPOINT WARNING * * *
You hit the ice beast. Your kick misses the ice beast.
The ice beast is heavily wounded.
The ice beast hits you.
* * * LOW HITPOINT WARNING * * *
The ice beast freezes you!
You die...

######
#######....############
#.....>.......Y@)......
#.####.....#####§......
#.# #.##...... §......
#.# #.##..............
#.# #.##.......#####.#
#.# #..........+ .
#.#######.......#
#....## #........
#.....#


You could see an ice beast.

Vanquished Creatures
  Eustachio (D:6)
  An orc priest (D:3)
  Jessica (D:3)
  Terence (D:3)
  3 adders
  A worm (D:2)
  3 dart slugs
  A leopard gecko (D:4)
  5 orcs (D:3)
  4 giant cockroaches
  8 hobgoblins
  9 jackals
  A quokka (D:3)
  2 ball pythons
  6 bats
  3 frilled lizards (D:2)
  12 goblins
  5 kobolds
  2 rats
69 creatures vanquished.

Notes
Turn   | Place    | Note
-------+----------+-------------------------------------------
     0 | D:1      | troglodite the Demonspawn Berserker began the quest for the Orb.
     0 | D:1      | Reached XP level 1. HP: 18/18 MP: 1/1
   374 | D:1      | Gained mutation: You have sharp fingernails. [demonic ancestry]
   374 | D:1      | Reached XP level 2. HP: 24/24 MP: 2/2
  1046 | D:2      | Reached ** piety under Trog
  1078 | D:2      | Reached XP level 3. HP: 29/29 MP: 3/3
  2108 | D:3      | Reached XP level 4. HP: 37/37 MP: 4/4
  2211 | D:3      | Noticed Terence
  2222 | D:3      | Killed Terence
  2270 | D:3      | Noticed Jessica
  2280 | D:3      | Killed Jessica
  2329 | D:3      | Gained mutation: You have large cloven feet. [demonic ancestry]
  2329 | D:3      | Reached XP level 5. HP: 28/42 MP: 5/5
  2494 | D:3      | Reached *** piety under Trog
  2866 | D:3      | Found a faded altar of an unknown god.
  3065 | D:4      | Found a blossoming altar of Fedhas.
  3105 | D:4      | You fall through a shaft for 3 floors!
  3105 | D:7      | Found a staircase to the Ecumenical Temple.
  3158 | D:6      | Noticed an ice beast
  3159 | D:6      | Noticed Eustachio
  3176 | D:6      | Killed Eustachio
  3176 | D:6      | Gained mutation: You have a pair of small antennae on your head. [demonic ancestry]
  3176 | D:6      | Reached XP level 6. HP: 24/48 MP: 6/6
  3179 | D:6      | Mangled by an ice beast

Skill      XL: |  1  2  3  4  5 |
---------------+----------------+-----
Armour         | 2 3 |  3.9
Long Blades    | 3 4 |  4.1
Dodging        | 2 |  2.4
Fighting       | 4 |  4.2
Stealth        | |  0.2

Action                   |  1- 3 |  4- 6 || total
-------------------------+-------+-------++-------
Melee: Falchion          |   170 |    76 ||   246
       Kick              |       |    17 ||    17
Invok: Berserk           |     3 |     3 ||     6
  Eat: Chunk             |     6 |     5 ||    11
Armor: Leather armour    |     6 |       ||     6
       Chain mail        |   114 |    59 ||   173
Dodge: Dodged            |    90 |    52 ||   142
       Rpst.: Falchion   |    28 |    18 ||    46
